TOP OF THE 1ST |
Lake County Captains batting - Pitching for West Michigan Whitecaps : RHP Rich Nunez
|
Pitching: RHP Rich Nunez
|
|
Batting: LHB Frank Hill
|
0-0: Called Strike 0-1: Ball 1-1: Foul Ball, location: 2F 1-2: Ball 2-2: Ball 3-2: Fly out, F5 (Popup, 5SF, EV 71.9 MPH)
|
Batting: RHB Willie Gonzales
|
0-0: Ball 1-0: Called Strike 1-1: Swinging Strike 1-2: Strikes out swinging
|
Batting: LHB Hirakito Herring
|
0-0: Called Strike 0-1: Ball 1-1: Ball 2-1: Ground out U3 (Groundball, 34, EV 86.9 MPH)
|
Top of the 1st over - 0 runs, 0 hits, 0 errors, 0 left on base; Lake County 0 - West Michigan 0 |
BOTTOM OF THE 1ST |
West Michigan Whitecaps batting - Pitching for Lake County Captains : RHP Corey Larimer
|
Pitching: RHP Corey Larimer
|
|
Batting: SHB Willie Medina
|
0-0: Called Strike 0-1: Foul Ball, location: 2F 0-2: Ball 1-2: Foul Ball, location: 2F 1-2: Foul Ball, location: 2F 1-2: Ball 2-2: Ball 3-2: Base on Balls
|
Batting: LHB Nick Nino
|
0-0: Foul Ball, location: 2F 0-1: Ball 1-1: Ball 2-1: Foul Ball, location: 2F 2-2: Strikes out swinging
|
Batting: LHB Jamie Christian
|
0-0: Ball 1-0: Called Strike 1-1: Foul Ball, location: 2F 1-2: Ball 2-2: SINGLE (Line Drive, 9S, EV 109.4 MPH) Willie Medina to second
|
Batting: LHB Nick Swank
|
0-0: Fly out, F9 (Flyball, 9S, EV 85.0 MPH)
|
Batting: RHB Jon Goldstein
|
0-0: Called Strike 0-1: Foul Ball, location: 2F 0-2: Ball Passed Ball! Willie Medina to third Jamie Christian to second 1-2: Ball 2-2: Strikes out looking
|
Bottom of the 1st over - 0 runs, 1 hit, 0 errors, 2 left on base; Lake County 0 - West Michigan 0 |
TOP OF THE 2ND |
Lake County Captains batting - Pitching for West Michigan Whitecaps : RHP Rich Nunez
|
Batting: LHB Nick Welling
|
0-0: Ball 1-0: Swinging Strike 1-1: Foul Ball, location: 2F 1-2: Foul Ball, location: 2F 1-2: Foul Ball, location: 2F 1-2: Ball 2-2: Ball 3-2: Ground out 4-3 (Groundball, 4, EV 79.4 MPH)
|
Batting: RHB Josh Patterson
|
0-0: Ball 1-0: Foul Ball, location: 2F 1-1: Ball 2-1: Foul Ball, location: 2F 2-2: Ball 3-2: Base on Balls
|
Batting: SHB Justin Veatch
|
0-0: Swinging Strike 0-1: Foul Ball, location: 2F 0-2: Ball 1-2: Ball 2-2: Ball 3-2: SINGLE (Groundball, 3D, EV 99.4 MPH) Josh Patterson to second Runner from 2nd tries for 3rd, SAFE, throw by RF made to third
|
Batting: RHB Jose Valtierra
|
0-0: Foul Ball, location: 2F 0-1: Foul Ball, location: 2F 0-2: Foul Ball, location: 2F 0-2: Fly out, F9 (Line Drive, 9S, EV 88.1 MPH)
|
Batting: RHB Steve Gusman
|
0-0: Called Strike 0-1: Fielders Choice at 2nd, 6-4 (Groundball, 6, EV 83.8 MPH)
|
Top of the 2nd over - 0 runs, 1 hit, 0 errors, 2 left on base; Lake County 0 - West Michigan 0 |
BOTTOM OF THE 2ND |
West Michigan Whitecaps batting - Pitching for Lake County Captains : RHP Corey Larimer
|
Batting: RHB German Quiroga
|
0-0: Ball 1-0: Ball 2-0: Ball 3-0: Called Strike 3-1: Swinging Strike 3-2: Fly out, F9 (Flyball, 9S, EV 92.5 MPH)
|
Batting: RHB Scott Carr
|
0-0: SINGLE (Groundball, 6MD, EV 96.2 MPH)
|
Batting: LHB Steve Herrera
|
0-0: Grounds into double play, 4-6-3 (Groundball, 34, EV 86.9 MPH)
|
Bottom of the 2nd over - 0 runs, 1 hit, 0 errors, 0 left on base; Lake County 0 - West Michigan 0 |
TOP OF THE 3RD |
Lake County Captains batting - Pitching for West Michigan Whitecaps : RHP Rich Nunez
|
Batting: RHB Adam McMillen
|
0-0: Ball 1-0: Ball 2-0: Ball 3-0: Swinging Strike 3-1: Base on Balls
|
Batting: LHB Frank Hill
|
0-0: Ball Adam McMillen is caught stealing 2nd base 2-6 1-0: Ground out 4-3 (Groundball, 4, EV 100.6 MPH)
|
Batting: RHB Willie Gonzales
|
0-0: Swinging Strike 0-1: Ball 1-1: Swinging Strike 1-2: Ball 2-2: Foul Ball, location: 2F 2-2: Strikes out swinging
|
Top of the 3rd over - 0 runs, 0 hits, 0 errors, 0 left on base; Lake County 0 - West Michigan 0 |
BOTTOM OF THE 3RD |
West Michigan Whitecaps batting - Pitching for Lake County Captains : RHP Corey Larimer
|
Batting: RHB Yaremka Rzhevsky
|
0-0: Called Strike 0-1: Ball 1-1: Swinging Strike 1-2: Ball 2-2: Foul Ball, location: 2F 2-2: Strikes out swinging
|
Batting: SHB Willie Medina
|
0-0: Ball 1-0: Ball 2-0: SINGLE (Groundball, 34D, EV 101.9 MPH)
|
Batting: LHB Nick Nino
|
0-0: Called Strike 0-1: Ball Willie Medina steals 2nd base 1-1: Swinging Strike 1-2: Ground out 5-3 (Groundball, 56S, EV 67.5 MPH) Willie Medina to third
|
Batting: LHB Jamie Christian
|
0-0: Ball 1-0: Ball 2-0: Foul Ball, location: 2F 2-1: Foul Ball, location: 2F 2-2: Ball 3-2: Foul Ball, location: 2F 3-2: Base on Balls
|
Batting: LHB Nick Swank
|
0-0: DOUBLE (Line Drive, 8RXD, EV 110.0 MPH) Willie Medina scores Jamie Christian to third Runner from 3rd tries for Home, SAFE, throw by CF to home
|
Batting: RHB Jon Goldstein
|
0-0: Ball 1-0: Ball 2-0: Called Strike 2-1: Called Strike 2-2: Ball 3-2: Foul Ball, location: 2F 3-2: Foul Ball, location: 2F 3-2: Fly out, F3 (Flyball, 34D, EV 90.6 MPH)
|
Bottom of the 3rd over - 2 runs, 2 hits, 0 errors, 1 left on base; Lake County 0 - West Michigan 2 |
TOP OF THE 4TH |
Lake County Captains batting - Pitching for West Michigan Whitecaps : RHP Rich Nunez
|
Batting: LHB Hirakito Herring
|
0-0: DOUBLE (Line Drive, 3D, EV 101.9 MPH) - OUT at third base trying to stretch hit.
|
Batting: LHB Nick Welling
|
0-0: Ball 1-0: Ball 2-0: Fly out, F7 (Flyball, 7D, EV 87.5 MPH)
|
Batting: RHB Josh Patterson
|
0-0: Foul Ball, location: 2F 0-1: Ball 1-1: Swinging Strike 1-2: Foul Ball, location: 2F 1-2: SINGLE (Groundball, 56D, EV 100.0 MPH)
|
Batting: SHB Justin Veatch
|
0-0: Called Strike 0-1: Foul Ball, location: 2F 0-2: Ball 1-2: Fly out, F7 (Flyball, 7S, EV 86.2 MPH)
|
Top of the 4th over - 0 runs, 2 hits, 0 errors, 1 left on base; Lake County 0 - West Michigan 2 |
BOTTOM OF THE 4TH |
West Michigan Whitecaps batting - Pitching for Lake County Captains : RHP Corey Larimer
|
Batting: RHB German Quiroga
|
0-0: Swinging Strike 0-1: Foul Ball, location: 2F 0-2: Strikes out looking
|
Batting: RHB Scott Carr
|
0-0: Foul Ball, location: 2F 0-1: Ball 1-1: Swinging Strike 1-2: Ball 2-2: Foul Ball, location: 2F 2-2: Ball 3-2: Base on Balls
|
Batting: LHB Steve Herrera
|
0-0: Called Strike Scott Carr steals 2nd, throwing error, E2 Scott Carr to third 0-1: Ball 1-1: Ball Passed Ball! Scott Carr scores 2-1: Foul Ball, location: 2F 2-2: Strikes out looking
|
Batting: RHB Yaremka Rzhevsky
|
0-0: Called Strike 0-1: Foul Ball, location: 2F 0-2: Ground out 5-3 (Groundball, 56, EV 105.0 MPH)
|
Bottom of the 4th over - 1 run, 0 hits, 1 error, 0 left on base; Lake County 0 - West Michigan 3 |
TOP OF THE 5TH |
Lake County Captains batting - Pitching for West Michigan Whitecaps : RHP Rich Nunez
|
Batting: RHB Jose Valtierra
|
0-0: SINGLE (Groundball, 6D, EV 103.8 MPH)
|
Batting: RHB Steve Gusman
|
0-0: Fly out, F8 (Flyball, 89D, EV 96.9 MPH)
|
Batting: RHB Adam McMillen
|
0-0: Ball 1-0: SINGLE (Line Drive, 4D, EV 95.0 MPH) Jose Valtierra to second
|
Batting: LHB Frank Hill
|
0-0: Called Strike 0-1: Swinging Strike 0-2: Ball 1-2: Ball 2-2: Foul Ball, location: 2F 2-2: Ball 3-2: Fly out, F8 (Flyball, 8LS, EV 89.4 MPH)
|
Batting: RHB Willie Gonzales
|
0-0: Foul Ball, location: 2F 0-1: Ball 1-1: Called Strike 1-2: Fly out, F8 (Line Drive, 8RD, EV 104.4 MPH)
|
Top of the 5th over - 0 runs, 2 hits, 0 errors, 2 left on base; Lake County 0 - West Michigan 3 |
BOTTOM OF THE 5TH |
West Michigan Whitecaps batting - Pitching for Lake County Captains : RHP Corey Larimer
|
Batting: SHB Willie Medina
|
0-0: Foul Ball, location: 2F 0-1: Ground out 5-3 (Groundball, 56, EV 80.0 MPH)
|
Batting: LHB Nick Nino
|
0-0: Ball 1-0: Fly out, F1 (Line Drive, P, EV 63.1 MPH)
|
Batting: LHB Jamie Christian
|
0-0: Called Strike 0-1: Swinging Strike 0-2: Strikes out looking
|
Bottom of the 5th over - 0 runs, 0 hits, 0 errors, 0 left on base; Lake County 0 - West Michigan 3 |
TOP OF THE 6TH |
Lake County Captains batting - Pitching for West Michigan Whitecaps : RHP Rich Nunez
|
Batting: LHB Hirakito Herring
|
0-0: Fly out, F4 (Line Drive, 4, EV 75.0 MPH)
|
Batting: LHB Nick Welling
|
0-0: Ball 1-0: Ball 2-0: SINGLE (Groundball, P, EV 79.4 MPH) (infield hit)
|
Batting: RHB Josh Patterson
|
0-0: Ball 1-0: Ball Nick Welling steals 2nd base (no throw) 2-0: Ball 3-0: Called Strike 3-1: SINGLE (Groundball, 4M, EV 101.2 MPH) (infield hit) Nick Welling to third
|
Batting: SHB Justin Veatch
|
0-0: DOUBLE (Line Drive, 7LS, EV 90.0 MPH) Nick Welling scores Josh Patterson to third
|
Batting: RHB Jose Valtierra
|
0-0: Ball 1-0: Ball 2-0: Foul Ball, location: 2F 2-1: Foul Ball, location: 2F 2-2: Ball 3-2: DOUBLE (Line Drive, 8LXD, EV 106.9 MPH) Josh Patterson scores Justin Veatch scores
|
Batting: RHB Steve Gusman
|
0-0: Called Strike 0-1: Swinging Strike 0-2: Ball 1-2: Foul Ball, location: 2F 1-2: Fly out, F9 (Line Drive, 9, EV 107.5 MPH)
|
Batting: RHB Adam McMillen
|
0-0: Called Strike 0-1: Called Strike 0-2: Strikes out swinging
|
Top of the 6th over - 3 runs, 4 hits, 0 errors, 1 left on base; Lake County 3 - West Michigan 3 |
BOTTOM OF THE 6TH |
West Michigan Whitecaps batting - Pitching for Lake County Captains : RHP Corey Larimer
|
Batting: LHB Nick Swank
|
0-0: Ball 1-0: Foul Ball, location: 2F 1-1: Ball 2-1: Called Strike 2-2: Foul Ball, location: 2F 2-2: DOUBLE (Groundball, 3L, EV 100.0 MPH) - OUT at third base trying to stretch hit.
|
Batting: RHB Jon Goldstein
|
0-0: Called Strike 0-1: Ball 1-1: Ball 2-1: Foul Ball, location: 2F 2-2: Strikes out swinging
|
Batting: RHB German Quiroga
|
0-0: Called Strike 0-1: Ball 1-1: Ball 2-1: Foul Ball, location: 2F 2-2: Ground out 4-3 (Groundball, 4, EV 100.0 MPH)
|
Bottom of the 6th over - 0 runs, 1 hit, 0 errors, 0 left on base; Lake County 3 - West Michigan 3 |
TOP OF THE 7TH |
Lake County Captains batting - Pitching for West Michigan Whitecaps : RHP Rich Nunez
|
Batting: LHB Frank Hill
|
0-0: Swinging Strike 0-1: Ball 1-1: Swinging Strike 1-2: Foul Ball, location: 2F 1-2: Strikes out swinging
|
Pitching: LHP George Moran
|
|
Batting: RHB Willie Gonzales
|
0-0: Foul Ball, location: 2F 0-1: Ball 1-1: Ground out 6-3 (Groundball, 6, EV 103.1 MPH)
|
Batting: RHB Chris Fitzgerald
|
0-0: Swinging Strike 0-1: Ball 1-1: Foul Ball, location: 2F 1-2: Ball 2-2: Foul Ball, location: 2F 2-2: Ball 3-2: SINGLE (Flyball, 89S, EV 90.6 MPH)
|
Pinch Hitting: RHB Carlos Abrego
|
0-0: Called Strike 0-1: Swinging Strike 0-2: Ball Chris Fitzgerald steals 2nd base 1-2: Ball 2-2: Ball 3-2: Foul Ball, location: 2F 3-2: Foul Ball, location: 2F 3-2: Ground out 4-3 (Groundball, 34, EV 103.8 MPH)
|
Top of the 7th over - 0 runs, 1 hit, 0 errors, 1 left on base; Lake County 3 - West Michigan 3 |
BOTTOM OF THE 7TH |
West Michigan Whitecaps batting - Pitching for Lake County Captains : RHP Corey Larimer
|
Pitching: RHP Justin Stone
|
|
Now in LF: Carlos Salazar
|
|
Batting: RHB Scott Carr
|
0-0: Ground out 5-3 (Groundball, 5L, EV 77.5 MPH)
|
Batting: LHB Steve Herrera
|
0-0: Ground out 5-3 (Groundball, 5L, EV 79.4 MPH)
|
Batting: RHB Yaremka Rzhevsky
|
0-0: Ball 1-0: Swinging Strike 1-1: Fly out, F3 (Popup, 3S, EV 80.6 MPH)
|
Bottom of the 7th over - 0 runs, 0 hits, 0 errors, 0 left on base; Lake County 3 - West Michigan 3 |
TOP OF THE 8TH |
Lake County Captains batting - Pitching for West Michigan Whitecaps : LHP George Moran
|
Pitching: LHP Jesse Turner
|
|
Batting: RHB Josh Patterson
|
0-0: Ball 1-0: SINGLE (Groundball, 56D, EV 98.8 MPH)
|
Batting: SHB Justin Veatch
|
0-0: Bunt missed! 0-1: Ball 1-1: Bunt missed! 1-2: Strikes out looking
|
Batting: RHB Jose Valtierra
|
0-0: Called Strike Josh Patterson is caught stealing 2nd base 2-4 0-1: Called Strike 0-2: Strikes out looking
|
Top of the 8th over - 0 runs, 1 hit, 0 errors, 0 left on base; Lake County 3 - West Michigan 3 |
BOTTOM OF THE 8TH |
West Michigan Whitecaps batting - Pitching for Lake County Captains : RHP Justin Stone
|
Batting: SHB Willie Medina
|
0-0: Ball 1-0: Foul Ball, location: 2F 1-1: Ball 2-1: Ball 3-1: Base on Balls
|
Batting: LHB Nick Nino
|
0-0: Ball Willie Medina steals 2nd base 1-0: Called Strike 1-1: Bunt missed! 1-2: Ball 2-2: Ground out 4-3 (Groundball, 4M, EV 85.6 MPH) Willie Medina to third
|
Pitching: LHP Jose Carmona
|
|
Batting: LHB Jamie Christian
|
0-0: Ball 1-0: Fly out, F8 (Flyball, 78M, EV 91.9 MPH) Runner from 3rd tags up, SCORES, no throw by CF
|
Batting: LHB Nick Swank
|
0-0: Called Strike 0-1: Foul Ball, location: 2F 0-2: Ball 1-2: Foul Ball, location: 2F 1-2: Strikes out swinging
|
Bottom of the 8th over - 1 run, 0 hits, 0 errors, 0 left on base; Lake County 3 - West Michigan 4 |
TOP OF THE 9TH |
Lake County Captains batting - Pitching for West Michigan Whitecaps : LHP Jesse Turner
|
Pitching: RHP Tony Kepp
|
|
Now at 1B: Jon Pedlar
|
|
Batting: RHB Steve Gusman
|
0-0: Called Strike 0-1: Swinging Strike 0-2: Ball 1-2: Strikes out swinging
|
Batting: RHB Adam McMillen
|
0-0: Foul Ball, location: 2F 0-1: Called Strike 0-2: Ball 1-2: Ball 2-2: Ball 3-2: Foul Ball, location: 2F 3-2: Strikes out swinging
|
Batting: LHB Frank Hill
|
0-0: Ball 1-0: Swinging Strike 1-1: Foul Ball, location: 2F 1-2: Foul Ball, location: 2F 1-2: Foul Ball, location: 2F 1-2: Ball 2-2: Foul Ball, location: 2F 2-2: Ball 3-2: Foul Ball, location: 2F 3-2: SINGLE (Groundball, 13, EV 85.0 MPH) (infield hit)
|
Pinch Hitting: LHB Jesus Romero
|
0-0: Ball 1-0: Called Strike 1-1: Ball 2-1: Foul Ball, location: 2F 2-2: Foul Ball, location: 2F 2-2: Foul Ball, location: 2F 2-2: Strikes out swinging
|
Top of the 9th over - 0 runs, 1 hit, 0 errors, 1 left on base; Lake County 3 - West Michigan 4 |
|